 Dungeon Crawl Stone Soup version 0.22.0-38-g04b72b8 (webtiles) character file.

89 CougarLife the Shield-Bearer (level 4, 0/41 HPs)
             Began as a Gnoll Fighter on Aug 26, 2018.
             Killed from afar by an orc wizard (3 damage)
             ... with a magic dart
             ... on level 3 of the Dungeon.
             The game lasted 00:03:39 (1229 turns).

CougarLife the Shield-Bearer (Gnoll Fighter)        Turns: 1229, Time: 00:03:40

Health: 0/41       AC: 10    Str: 24    XL:     4   Next: 55%
Magic:  5/5        EV:  9    Int: 10    God:
Gold:   101        SH: 11    Dex: 15    Spells: 5/5 levels left

rFire    . . .     SeeInvis .   a - +0 war axe
rCold    . . .     Gourm    .   c - +0 shield
rNeg     . . .     Faith    .   b - +0 scale mail
rPois    .         Spirit   .   (no helmet)
rElec    .         Reflect  .   n - +0 cloak
rCorr    .         Harm     .   (no gloves)
MR       .....                  e - +0 pair of boots
Stlth    ..........             (no amulet)
HPRegen  0.13/turn              (no ring)
MPRegen  0.09/turn              (no ring)

@: mighty
A: distributed training, fangs 1, strong nose
a: no special abilities


You were on level 3 of the Dungeon.
You were not hungry.

You visited 1 branch of the dungeon, and saw 3 of its levels.

You collected 101 gold pieces.

Inventory:

Hand Weapons
 a - a +0 war axe (weapon)
Armour
 b - a +0 scale mail (worn)
 c - a +0 shield (worn)
 e - a +0 pair of boots (worn)
 n - a +0 cloak (worn)
Scrolls
 g - a scroll of teleportation {unknown}
 h - a scroll of fear {unknown}
 i - a scroll of random uselessness {unknown}
 j - a scroll of remove curse {unknown}
 k - a scroll of noise {unknown}
 l - a scroll of blinking {unknown}
Comestibles
 f - 3 rations
 m - 2 chunks of flesh


   Skills:
 + Level 6.6 Fighting
 + Level 1.1 Short Blades
 + Level 1.1 Long Blades
 + Level 4.6 Axes
 + Level 1.1 Maces & Flails
 + Level 1.1 Polearms
 + Level 1.1 Staves
 + Level 1.1 Slings
 + Level 1.1 Bows
 + Level 1.1 Crossbows
 + Level 1.1 Throwing
 + Level 6.6 Armour
 + Level 1.1 Dodging
 + Level 1.1 Stealth
 + Level 6.6 Shields
 + Level 1.1 Unarmed Combat
 + Level 1.1 Spellcasting
 + Level 0.9 Conjurations
 + Level 0.9 Hexes
 + Level 0.9 Charms
 + Level 0.9 Summonings
 + Level 0.9 Necromancy
 + Level 0.9 Translocations
 + Level 0.9 Transmutations
 + Level 0.9 Fire Magic
 + Level 0.9 Ice Magic
 + Level 0.9 Air Magic
 + Level 0.9 Earth Magic
 + Level 0.9 Poison Magic
 + Level 1.2 Invocations
 + Level 1.1 Evocations


You had 5 spell levels left.
You didn't know any spells.
Your spell library was empty.

Dungeon Overview and Level Annotations

Branches:
Dungeon (3/15)

Altars:


Innate Abilities, Weirdness & Mutations

Your experience applies equally to all skills.
You have very sharp teeth.
Your uncanny sense of smell can sniff out nearby items.


Message History

You kill the rat!
You closely miss the orc. Something hits you but does no damage.
You block the orc's attack. Something hits you but does no damage.
Unknown command.
Your scale mail prevents you from hitting something.
Your bite misses something. You slash the orc!
You kill the orc!
Something hits you but does no damage. x2
Unknown command.
You hit something. Something hits you but does no damage.
You hear some strange, mumbled words.
A puff of flame appears from out of thin air!
The puff of flame hits you!
* * * LOW HITPOINT WARNING * * *
Unknown command.
You closely miss something. Your bite misses something.
You hear some strange, mumbled words.
A magic dart appears from out of thin air!
The magic dart hits you!
You die...

#################
..........#......
..........#......
.........%#......
...>.............
...........(....#
......†.<)).....#
.......@)........
#.###...).).>....
#............
#......[.....
#.............
#..#..........
....#..........
.#.##..........


There were no monsters in sight!

Vanquished Creatures
  An orc wizard (D:3)
  A dart slug (D:1)
  A leopard gecko (D:3)
  6 orcs (D:3)
  5 giant cockroaches
  7 goblins
  6 hobgoblins
  3 jackals (D:1)
  A quokka (D:2)
  5 bats
  A frilled lizard (D:1)
  6 kobolds
  6 rats
49 creatures vanquished.

Notes
Turn   | Place    | Note
-------+----------+-------------------------------------------
     0 | D:1      | CougarLife the Gnoll Fighter began the quest for the Orb.
     0 | D:1      | Reached XP level 1. HP: 23/23 MP: 1/1
    98 | D:1      | Reached XP level 2. HP: 26/29 MP: 2/2
   537 | D:1      | Reached XP level 3. HP: 35/35 MP: 3/3
  1206 | D:3      | Reached skill level 1 in Invocations
  1222 | D:3      | Reached skill level 1 in Short Blades
  1222 | D:3      | Reached skill level 1 in Long Blades
  1222 | D:3      | Reached skill level 1 in Maces & Flails
  1222 | D:3      | Reached skill level 1 in Polearms
  1222 | D:3      | Reached skill level 1 in Staves
  1222 | D:3      | Reached skill level 1 in Slings
  1222 | D:3      | Reached skill level 1 in Bows
  1222 | D:3      | Reached skill level 1 in Crossbows
  1222 | D:3      | Reached skill level 1 in Throwing
  1222 | D:3      | Reached skill level 1 in Dodging
  1222 | D:3      | Reached skill level 1 in Stealth
  1222 | D:3      | Reached skill level 1 in Unarmed Combat
  1222 | D:3      | Reached skill level 1 in Spellcasting
  1222 | D:3      | Reached skill level 1 in Evocations
  1222 | D:3      | Reached XP level 4. HP: 8/41 MP: 5/5
  1229 | D:3      | Killed from afar by an orc wizard

Skill      XL: |  1  2  3 |
---------------+----------+-----
Invocations    | 1 |  1.2
Short Blades   | 1 |  1.1
Long Blades    | 1 |  1.1
Maces & Flails | 1 |  1.1
Polearms       | 1 |  1.1
Staves         | 1 |  1.1
Slings         | 1 |  1.1
Bows           | 1 |  1.1
Crossbows      | 1 |  1.1
Throwing       | 1 |  1.1
Dodging        | 1 |  1.1
Stealth        | 1 |  1.1
Unarmed Combat | 1 |  1.1
Spellcasting   | 1 |  1.1
Evocations     | 1 |  1.1
Fighting       | |  6.6
Axes           | |  4.6
Armour         | |  6.6
Shields        | |  6.6
Conjurations   | |  0.9
Hexes          | |  0.9
Charms         | |  0.9
Summonings     | |  0.9
Necromancy     | |  0.9
Translocations | |  0.9
Transmutations | |  0.9
Fire Magic     | |  0.9
Ice Magic      | |  0.9
Air Magic      | |  0.9
Earth Magic    | |  0.9
Poison Magic   | |  0.9

Action                   |  1- 3 |  4- 6 || total
-------------------------+-------+-------++-------
Melee: War axe           |    96 |     5 ||   101
       Bite              |     8 |       ||     8
  Use: Potion            |     1 |       ||     1
  Eat: Chunk             |     1 |       ||     1
Armor: Scale mail        |    49 |     9 ||    58
Dodge: Dodged            |    41 |     3 ||    44
Block: Shield            |    86 |     5 ||    91
